[Event "Austrian Championship Girls-U14 2024"]
[Site "Fuerstenfeld"]
[Date "2024.05.30"]
[Round "1.1"]
[White "Brunner, Josephina Akiko"]
[Black "Lahl, Sophie"]
[Result "1-0"]
[ECO "B72"]
[WhiteElo "1744"]
[BlackElo "1519"]
[Annotator "NA RC"]
[PlyCount "99"]
[EventDate "2024.05.28"]
[EventType "swiss"]
[EventCountry "AUT"]
[SourceTitle "playchess.com"]
[Source "ChessBase"]
[SourceQuality "1"]
[TimeControl "5400+30"]

1. e4 c5 2. Nf3 d6 3. d4 cxd4 4. Nxd4 Nf6 5. Nc3 g6 6. Be3 Bg7 7. h3 Bd7 8. Qd2 O-O 9. O-O-O Nc6 10. f3 Qa5 11. Nb3 Qd8 12. g4 Na5 13. h4 Nxb3+ 14. cxb3 Qa5 15. Kb1 b5 16. Nd5 Qxd2 17. Nxe7+ Kh8 18. Rxd2 Rfe8 19. Nd5 Nxd5 20. Rxd5 Re6 21. Bxb5 Bxb5 22. Rxb5 Rf6 23. Rf1 Kg8 24. g5 Re6 25. Rd1 f6 26. Rb7 fxg5 27. hxg5 Rf8 28. Bxa7 Rxf3 29. Bd4 Bxd4 30. Rxd4 Rf4 31. a4 Rfxe4 32. Rxe4 Rxe4 33. a5 Re5 34. a6 Rxg5 35. a7 Ra5 36. Rb8+ Kg7 37. a8=Q Rxa8 38. Rxa8 h5 39. Kc2 g5 40. Kd2 h4 41. Ke2 Kf6 42. Kf3 d5 43. Rf8+ Ke5 44. Kg4 Kd4 45. Kxg5 h3 46. Rh8 h2 47. Rxh2 Kc5 48. Kf4 Kb4 49. Ke5 Kxb3 50. Kxd5 1-0

[Event "Austrian Championship Girls-U14 2024"]
[Site "Fuerstenfeld"]
[Date "2024.05.30"]
[Round "1.2"]
[White "Huber, Valentina"]
[Black "Turdiyeva, Maryam"]
[Result "0-1"]
[ECO "A48"]
[WhiteElo "1404"]
[BlackElo "1682"]
[Annotator "NA RC"]
[PlyCount "86"]
[EventDate "2024.05.28"]
[EventType "swiss"]
[EventCountry "AUT"]
[SourceTitle "playchess.com"]
[Source "ChessBase"]
[SourceQuality "1"]
[TimeControl "5400+30"]

1. d4 d6 2. Bf4 g6 3. e3 Bg7 4. Nf3 Nf6 5. Be2 Nbd7 6. Nbd2 O-O 7. c3 c5 8. Qc2 a6 9. O-O b6 10. e4 Bb7 11. d5 Rc8 12. Rfe1 b5 13. c4 Qb6 14. Bg5 Rfe8 15. Bd3 e6 16. Bxf6 Bxf6 17. Rab1 exd5 18. exd5 Bg7 19. Rxe8+ Rxe8 20. Re1 Rxe1+ 21. Nxe1 Ne5 22. b3 Qa5 23. h3 Bc8 24. Ndf3 Nxd3 25. Nxd3 Bf5 26. Nfe1 Bc3 27. Qe2 Bxe1 28. Nxe1 Bb1 29. a3 bxc4 30. bxc4 Qxa3 31. Qe8+ Kg7 32. Qc6 Qc1 33. Kh2 Qxe1 34. Qxd6 Qxf2 35. Qxa6 Be4 36. Qa1+ f6 37. Qg1 Qxg1+ 38. Kxg1 Kf7 39. Kf2 Bd3 40. Ke3 Bxc4 41. Kd2 Bxd5 42. g4 Ke6 43. Kc3 Ke5 0-1

[Event "Austrian Championship Girls-U14 2024"]
[Site "Fuerstenfeld"]
[Date "2024.05.30"]
[Round "1.3"]
[White "Huber, Elisa"]
[Black "Wang, Yihan"]
[Result "1/2-1/2"]
[ECO "D00"]
[WhiteElo "1633"]
[BlackElo "1516"]
[Annotator "NA RC"]
[PlyCount "76"]
[EventDate "2024.05.28"]
[EventType "swiss"]
[EventCountry "AUT"]
[SourceTitle "playchess.com"]
[Source "ChessBase"]
[SourceQuality "1"]
[TimeControl "5400+30"]

1. d4 d5 2. Bf4 Nf6 3. e3 e6 4. c3 Bd6 5. Bg3 O-O 6. Nd2 b6 7. Ngf3 Bb7 8. Qc2 Nbd7 9. Bd3 Qe7 10. Bh4 g6 11. Bg5 Kg7 12. h4 h6 13. Bxf6+ Nxf6 14. Rg1 Rg8 15. g4 Kf8 16. g5 hxg5 17. Rxg5 c5 18. dxc5 bxc5 19. b3 Rc8 20. c4 Bc6 21. e4 Bf4 22. Rg1 Bxd2+ 23. Nxd2 dxe4 24. Nxe4 Nxe4 25. Bxe4 Qxh4 26. Bxc6 Rxc6 27. O-O-O Qf4+ 28. Kb1 Rd6 29. Rxd6 Qxd6 30. Rd1 Qc7 31. Qd2 Ke7 32. Qg5+ f6 33. Qh6 Kf7 34. Qd2 Ke7 35. Qh6 Ke8 36. Qe3 Kf7 37. Qd2 Ke7 38. Qh6 Ke8 1/2-1/2

[Event "Austrian Championship Girls-U14 2024"]
[Site "Fuerstenfeld"]
[Date "2024.05.30"]
[Round "2.1"]
[White "Wiessner, Elisabeth"]
[Black "Brunner, Josephina Akiko"]
[Result "1/2-1/2"]
[ECO "B28"]
[WhiteElo "1572"]
[BlackElo "1744"]
[Annotator "NA RC"]
[PlyCount "136"]
[EventDate "2024.05.28"]
[EventType "swiss"]
[EventCountry "AUT"]
[SourceTitle "playchess.com"]
[Source "ChessBase"]
[SourceQuality "1"]
[TimeControl "5400+30"]

1. e4 c5 2. Nf3 a6 3. g3 Nc6 4. Bg2 g6 5. O-O Bg7 6. c3 e5 7. Na3 Nf6 8. d3 d5 9. Qe2 d4 10. cxd4 cxd4 11. Bd2 O-O 12. Nc4 Nd7 13. Bh3 Nb6 14. Nxb6 Qxb6 15. Bxc8 Raxc8 16. Rab1 Na7 17. Ne1 Rc6 18. f4 Nb5 19. fxe5 Bxe5 20. Bf4 Bxf4 21. Rxf4 Nc3 22. bxc3 Qxb1 23. cxd4 Qb6 24. e5 Rfc8 25. Qf2 Qc7 26. Re4 Qd7 27. Nf3 Rc1+ 28. Kg2 R1c2 29. Re2 Rxe2 30. Qxe2 Qd5 31. Qd2 Kg7 32. Kf2 Rf8 33. Qg5 Qxa2+ 34. Ke3 f6 35. exf6+ Rxf6 36. Qc5 Qe6+ 37. Ne5 Qf5 38. Qc2 b5 39. Qc7+ Kh6 40. Qc2 a5 41. h4 Qh3 42. Ke4 Qh1+ 43. Ke3 Qe1+ 44. Qe2 Qxg3+ 45. Kd2 Rf2 46. Ng4+ Qxg4 47. Qxf2 a4 48. Qf8+ Kh5 49. Qc5+ Kxh4 50. Qxb5 Qxd4 51. Qb1 Qf2+ 52. Kc3 Qc5+ 53. Kd2 a3 54. Qh1+ Kg5 55. Qg2+ Kf6 56. Qf3+ Qf5 57. Qc6+ Kg7 58. Qc3+ Qf6 59. Qxa3 Qf2+ 60. Kd1 Qf1+ 61. Kd2 Qf4+ 62. Kd1 Qf1+ 63. Kd2 Qf2+ 64. Kd1 h5 65. Qe7+ Kh6 66. Qe5 Qg1+ 67. Ke2 Qg4+ 68. Ke1 Qg1+ 1/2-1/2

[Event "Austrian Championship Girls-U14 2024"]
[Site "Fuerstenfeld"]
[Date "2024.05.30"]
[Round "2.2"]
[White "Turdiyeva, Maryam"]
[Black "Aboulenein-Djamshidian, Kimia"]
[Result "1/2-1/2"]
[ECO "D02"]
[WhiteElo "1682"]
[BlackElo "1547"]
[Annotator "NA RC"]
[PlyCount "147"]
[EventDate "2024.05.28"]
[EventType "swiss"]
[EventCountry "AUT"]
[SourceTitle "playchess.com"]
[Source "ChessBase"]
[SourceQuality "1"]
[TimeControl "5400+30"]

1. Nf3 d5 2. g3 Bg4 3. Bg2 Nf6 4. d4 e6 5. Nbd2 c5 6. O-O Nc6 7. Nb3 cxd4 8. Nbxd4 Nxd4 9. Qxd4 Be7 10. Bg5 Bf5 11. c3 O-O 12. Nh4 Be4 13. f3 Bg6 14. Nxg6 hxg6 15. Qh4 Qb6+ 16. e3 Qxb2 17. Rab1 Qxa2 18. Rxb7 Qa3 19. Kh1 Rab8 20. Rxb8 Rxb8 21. e4 dxe4 22. fxe4 Re8 23. Qf4 Rf8 24. c4 Nh5 25. Bxe7 Qxe7 26. Qf2 Nf6 27. Ra1 Rd8 28. e5 Ng4 29. Qf4 Nh6 30. Bf3 Qc5 31. g4 Rd4 32. Qg5 Qxc4 33. Rc1 Qd3 34. Kg2 Nxg4 35. Rc8+ Kh7 36. Bxg4 Qe4+ 37. Bf3 Qf5 38. Qxf5 gxf5 39. Rc7 a5 40. Rxf7 a4 41. Ra7 Rb4 42. Bc6 Rb2+ 43. Kg3 Re2 44. Rxa4 Rxe5 45. Be8 g5 46. Ra7+ Kh6 47. Re7 f4+ 48. Kf2 Re3 49. Bd7 e5 50. Bf5 g4 51. Bxg4 Kg5 52. Bf3 Kf6 53. Rh7 Ra3 54. h4 Ra2+ 55. Be2 e4 56. h5 f3 57. h6 Rxe2+ 58. Kf1 Rh2 59. Rh8 Kg6 60. Rg8+ Kh7 61. Re8 Rh4 62. Kf2 Kxh6 63. Ke3 Kg5 64. Rg8+ Kf5 65. Rf8+ Ke5 66. Re8+ Kd5 67. Rd8+ Ke6 68. Re8+ Kf5 69. Rf8+ Kg4 70. Kxe4 Rh3 71. Rg8+ Kh5 72. Rh8+ Kg4 73. Rxh3 Kxh3 74. Kxf3 1/2-1/2

[Event "Austrian Championship Girls-U14 2024"]
[Site "Fuerstenfeld"]
[Date "2024.05.30"]
[Round "2.4"]
[White "Spangl, Marilena"]
[Black "Huber, Elisa"]
[Result "0-1"]
[ECO "C42"]
[WhiteElo "1595"]
[BlackElo "1633"]
[Annotator "NA RC"]
[PlyCount "92"]
[EventDate "2024.05.28"]
[EventType "swiss"]
[EventCountry "AUT"]
[SourceTitle "playchess.com"]
[Source "ChessBase"]
[SourceQuality "1"]
[TimeControl "5400+30"]

1. e4 e5 2. Nf3 Nf6 3. Nxe5 d6 4. Nf3 Nxe4 5. d3 Nf6 6. Qe2+ Qe7 7. Bg5 Qxe2+ 8. Bxe2 Be7 9. Nc3 Bd7 10. O-O-O Nc6 11. Rhe1 O-O-O 12. Nd2 Be6 13. h3 h6 14. Be3 d5 15. d4 Bb4 16. Na4 Ne4 17. c3 Nxd2 18. Rxd2 Bd6 19. b3 Ba3+ 20. Kc2 Bf5+ 21. Bd3 Bxd3+ 22. Rxd3 Rde8 23. b4 Bxb4 24. cxb4 Nxb4+ 25. Kc3 Nxd3 26. Kxd3 f5 27. Nc3 f4 28. Bd2 Rxe1 29. Bxe1 c6 30. Bd2 g5 31. Na4 b6 32. Nb2 Rf8 33. Kc3 Kc7 34. Nd3 Kd6 35. Kc2 a5 36. Ne5 c5 37. Bc3 Rf5 38. a4 cxd4 39. Bxd4 Rxe5 40. Bxe5+ Kxe5 41. Kd3 d4 42. f3 Kd5 43. Kd2 Kc4 44. Kc2 Kb4 45. Kd3 Kxa4 46. Kxd4 Kb3 0-1

[Event "Austrian Championship Girls-U14 2024"]
[Site "Fuerstenfeld"]
[Date "2024.05.31"]
[Round "3.1"]
[White "Brunner, Josephina Akiko"]
[Black "Knittel-Templ, Paula"]
[Result "1/2-1/2"]
[ECO "C28"]
[WhiteElo "1744"]
[BlackElo "1599"]
[Annotator "NA RC"]
[PlyCount "76"]
[EventDate "2024.05.28"]
[EventType "swiss"]
[EventCountry "AUT"]
[SourceTitle "playchess.com"]
[Source "ChessBase"]
[SourceQuality "1"]
[TimeControl "5400+30"]

1. e4 e5 2. Nc3 Nc6 3. Bc4 Nf6 4. d3 Bb4 5. Nge2 h6 6. O-O O-O 7. Ng3 d6 8. h3 a6 9. Be3 Be6 10. Bb3 Bxc3 11. bxc3 Qd7 12. Qf3 Bxb3 13. axb3 d5 14. Nf5 Ne7 15. Nxh6+ gxh6 16. Qxf6 Qe6 17. Qxh6 Qxh6 18. Bxh6 Rfe8 19. Bg5 dxe4 20. dxe4 Ng6 21. Rad1 Nf4 22. Bxf4 exf4 23. f3 Rad8 24. Kf2 b5 25. Ke2 Kg7 26. Rd4 c5 27. Rd2 Rxd2+ 28. Kxd2 Rd8+ 29. Ke2 a5 30. Ra1 Ra8 31. g3 fxg3 32. Rg1 a4 33. Rxg3+ Kh7 34. bxa4 bxa4 35. Rg1 a3 36. Ra1 a2 37. Kd2 Kh6 38. f4 Kh5 1/2-1/2

[Event "Austrian Championship Girls-U14 2024"]
[Site "Fuerstenfeld"]
[Date "2024.05.31"]
[Round "3.2"]
[White "Huber, Elisa"]
[Black "Turdiyeva, Maryam"]
[Result "1/2-1/2"]
[ECO "A46"]
[WhiteElo "1633"]
[BlackElo "1682"]
[Annotator "NA RC"]
[PlyCount "36"]
[EventDate "2024.05.28"]
[EventType "swiss"]
[EventCountry "AUT"]
[SourceTitle "playchess.com"]
[Source "ChessBase"]
[SourceQuality "1"]
[TimeControl "5400+30"]

1. d4 Nf6 2. Bf4 d6 3. e3 Nbd7 4. Nf3 c5 5. c3 Qb6 6. Qb3 g6 7. Nbd2 Bg7 8. Be2 O-O 9. h3 Re8 10. Bh2 Qxb3 11. axb3 b6 12. O-O Bb7 13. Ba6 Bc6 14. Rfe1 Nb8 15. Bd3 Nbd7 16. Ba6 Nb8 17. Bd3 Nbd7 18. Ba6 Nb8 1/2-1/2

[Event "Austrian Championship Girls-U14 2024"]
[Site "Fuerstenfeld"]
[Date "2024.05.31"]
[Round "3.3"]
[White "Aboulenein-Djamshidian, Kimia"]
[Black "Wang, Yihan"]
[Result "1-0"]
[ECO "D35"]
[WhiteElo "1547"]
[BlackElo "1516"]
[Annotator "NA RC"]
[PlyCount "173"]
[EventDate "2024.05.28"]
[EventType "swiss"]
[EventCountry "AUT"]
[SourceTitle "playchess.com"]
[Source "ChessBase"]
[SourceQuality "1"]
[TimeControl "5400+30"]

1. d4 d5 2. c4 e6 3. Nc3 Nf6 4. Bf4 Bd6 5. Bg3 b6 6. e3 Bb7 7. Nf3 Bxg3 8. hxg3 Nbd7 9. Be2 c5 10. Rc1 Rc8 11. Nb5 Ke7 12. cxd5 Bxd5 13. Bc4 a5 14. Bxd5 exd5 15. Ne5 Nxe5 16. dxe5 Ne8 17. Qg4 Qd7 18. Qh4+ Kf8 19. a4 Qe6 20. Qf4 f6 21. exf6 Qxf6 22. Qg4 Rd8 23. O-O g6 24. Rfe1 Kg7 25. e4 Rf8 26. Re2 dxe4 27. Qxe4 Rf7 28. Rce1 Nd6 29. Nxd6 Rxd6 30. Qe8 g5 31. Qe5 Qxe5 32. Rxe5 Kg6 33. Kf1 h6 34. Re6+ Rxe6 35. Rxe6+ Rf6 36. Re4 Rd6 37. Ke2 Kf6 38. g4 Rd7 39. g3 Rb7 40. Kd3 b5 41. Kc3 Rb8 42. b3 c4 43. f4 bxa4 44. bxa4 Rb3+ 45. Kxc4 Rb4+ 46. Kd5 Rb3 47. Re6+ Kg7 48. fxg5 hxg5 49. Re5 Ra3 50. Re4 Rxg3 51. Kc5 Rb3 52. Kd6 Rb4 53. Ke5 Rb6 54. Kd5 Kf6 55. Kc5 Rb8 56. Rd4 Rh8 57. Kb6 Ke5 58. Rc4 Rh4 59. Kxa5 Kd5 60. Rb4 Kc6 61. Ka6 Rh8 62. Rb6+ Kc7 63. Rb7+ Kc6 64. Rb6+ Kc7 65. a5 Rg8 66. Kb5 Ra8 67. a6 Ra7 68. Rg6 Ra8 69. Rg7+ Kd6 70. Rg6+ Kc7 71. Rg7+ Kd6 72. a7 Ke5 73. Kb6 Kf4 74. Kb7 Rxa7+ 75. Kxa7 Kxg4 76. Kb6 Kf4 77. Rf7+ Kg3 78. Kc5 g4 79. Kd4 Kg2 80. Ke3 Kh2 81. Rh7+ Kg2 82. Kf4 g3 83. Rg7 Kh2 84. Rxg3 Kh1 85. Kf3 Kh2 86. Kf2 Kh1 87. Rh3# 1-0

[Event "Austrian Championship Girls-U14 2024"]
[Site "Fuerstenfeld"]
[Date "2024.05.31"]
[Round "4.1"]
[White "Knittel-Templ, Paula"]
[Black "Aboulenein-Djamshidian, Kimia"]
[Result "1/2-1/2"]
[ECO "D02"]
[WhiteElo "1599"]
[BlackElo "1547"]
[Annotator "NA RC"]
[PlyCount "135"]
[EventDate "2024.05.28"]
[EventType "swiss"]
[EventCountry "AUT"]
[SourceTitle "playchess.com"]
[Source "ChessBase"]
[SourceQuality "1"]
[TimeControl "5400+30"]

1. Nf3 d5 2. d4 Bf5 3. Bf4 e6 4. e3 c5 5. Bb5+ Nc6 6. Ne5 Qb6 7. Bxc6+ bxc6 8. b3 Nf6 9. O-O Be7 10. Nc3 cxd4 11. exd4 O-O 12. Bg5 Qc7 13. Bxf6 Bxf6 14. Ng4 Be7 15. Ne3 Bg6 16. Ne2 c5 17. c4 cxd4 18. Nxd4 dxc4 19. Nb5 Qc5 20. bxc4 Bf6 21. Rc1 Bb2 22. Qd6 Qxd6 23. Nxd6 Bxc1 24. Rxc1 Rfd8 25. c5 Bd3 26. Ng4 f6 27. h3 Bf5 28. Kh2 Bxg4 29. hxg4 Kf8 30. f4 a5 31. f5 e5 32. Rc3 a4 33. a3 Rd7 34. Rc4 Ra5 35. c6 Rc7 36. Rb4 Rxc6 37. Rb8+ Ke7 38. Ne4 Ra7 39. Rh8 h6 40. g5 hxg5 41. Kg3 Rc2 42. Rh7 Kd8 43. Nxf6 Rc3+ 44. Kg4 Rxa3 45. Rh8+ Ke7 46. Ne4 Re3 47. f6+ gxf6 48. Rh7+ Kd8 49. Rxa7 Rxe4+ 50. Kf5 Rf4+ 51. Ke6 Kc8 52. Kd6 Kb8 53. Rh7 e4 54. Kc6 e3 55. Re7 Rb4 56. Rxe3 Ka7 57. Ra3 Ka6 58. Rf3 Rb6+ 59. Kc5 Ka5 60. Rd3 Rb3 61. Rd8 Rc3+ 62. Kd4 Rb3 63. Kc4 Rb4+ 64. Kc5 Rb6 65. Ra8+ Ra6 66. Rb8 Re6 67. Ra8+ Ra6 68. Rb8 1/2-1/2

[Event "Austrian Championship Girls-U14 2024"]
[Site "Fuerstenfeld"]
[Date "2024.05.31"]
[Round "4.2"]
[White "Wiessner, Elisabeth"]
[Black "Huber, Elisa"]
[Result "1-0"]
[ECO "C22"]
[WhiteElo "1572"]
[BlackElo "1633"]
[Annotator "NA RC"]
[PlyCount "107"]
[EventDate "2024.05.28"]
[EventType "swiss"]
[EventCountry "AUT"]
[SourceTitle "playchess.com"]
[Source "ChessBase"]
[SourceQuality "1"]
[TimeControl "5400+30"]

1. e4 e5 2. d4 exd4 3. Qxd4 Nc6 4. Qe3 d6 5. Nc3 Nf6 6. Bd2 Be7 7. O-O-O Be6 8. f4 Ng4 9. Qe1 f5 10. h3 Nf6 11. exf5 Bxf5 12. g4 Bg6 13. Nf3 Qd7 14. Bc4 Bf7 15. Bxf7+ Kxf7 16. Ng5+ Kg8 17. Nb5 Ne8 18. Ne6 Nd8 19. Nxd8 Bxd8 20. Qe2 c6 21. Nd4 Nc7 22. Nf5 Bf6 23. Bb4 d5 24. Qd3 Ne6 25. Rhf1 c5 26. Be1 d4 27. Bg3 Kf7 28. g5 Be7 29. Nxe7 Qxe7 30. Qf5+ Ke8 31. Rfe1 Kd7 32. Qd5+ Qd6 33. Qxd6+ Kxd6 34. f5+ Nf4 35. Bxf4+ Kd7 36. c3 Rac8 37. Kb1 Rce8 38. Rxe8 Rxe8 39. cxd4 c4 40. Be5 Re7 41. Rg1 g6 42. f6 Rf7 43. Kc2 Kc6 44. Re1 b5 45. b3 cxb3+ 46. Kxb3 Kb6 47. Rc1 Rf8 48. Rc7 a5 49. Rxh7 Kc6 50. Rg7 Kd5 51. Rxg6 Rf7 52. Rg7 Rf8 53. g6 Ke6 54. f7 1-0

[Event "Austrian Championship Girls-U14 2024"]
[Site "Fuerstenfeld"]
[Date "2024.05.31"]
[Round "4.3"]
[White "Turdiyeva, Maryam"]
[Black "Brunner, Josephina Akiko"]
[Result "1/2-1/2"]
[ECO "D00"]
[WhiteElo "1682"]
[BlackElo "1744"]
[Annotator "NA RC"]
[PlyCount "159"]
[EventDate "2024.05.28"]
[EventType "swiss"]
[EventCountry "AUT"]
[SourceTitle "playchess.com"]
[Source "ChessBase"]
[SourceQuality "1"]
[TimeControl "5400+30"]

1. d4 Nf6 2. Nf3 g6 3. Nc3 d5 4. Bf4 Bg7 5. e3 O-O 6. Be2 c5 7. O-O cxd4 8. exd4 Nc6 9. Re1 Bf5 10. h3 Ne4 11. Bd3 Nxc3 12. bxc3 Bxd3 13. cxd3 Rc8 14. Qb3 Qd7 15. Rab1 b6 16. Rbc1 Na5 17. Qa3 Rfe8 18. Ne5 Bxe5 19. Rxe5 Nc6 20. Re3 Qf5 21. Rf3 Qd7 22. h4 e5 23. dxe5 Nxe5 24. Rg3 Ng4 25. Qb2 Qe6 26. Qd2 Nf6 27. Bg5 Nh5 28. Re3 Qd7 29. Rce1 Rxe3 30. Qxe3 Ng7 31. Qd4 Ne6 32. Qe5 Nxg5 33. hxg5 Qc7 34. Qd4 Qd7 35. Re3 Qd8 36. Qh4 h5 37. Rh3 Kg7 38. g4 Qh8 39. gxh5 gxh5 40. Qd4+ Kg6 41. Qxd5 Qxc3 42. Qd6+ Kg7 43. Qh6+ Kg8 44. Qxh5 Qc1+ 45. Kh2 Qc7+ 46. Kg2 Qc6+ 47. f3 Qc2+ 48. Kg3 Qc7+ 49. f4 Qc3 50. Qh7+ Kf8 51. Qh8+ Ke7 52. Qxc3 Rxc3 53. Kg4 Ra3 54. Re3+ Kf8 55. Kf5 Rxa2 56. Kf6 Rc2 57. d4 Rc6+ 58. Kf5 a5 59. d5 Rd6 60. Ke5 Ke7 61. Kd4+ Kd7 62. f5 Kd8 63. Rh3 a4 64. Ra3 b5 65. Kc5 Kd7 66. Rd3 Ra6 67. Kxb5 Ra8 68. Kb4 Rg8 69. Rg3 Kd6 70. Kc4 a3 71. Rxa3 Rxg5 72. Ra6+ Kd7 73. Ra7+ Ke8 74. f6 Rf5 75. Ra6 Rf1 76. Ra8+ Kd7 77. Ra7+ Ke8 78. Ra6 Kd7 79. Ra7+ Ke8 80. Ra6 1/2-1/2

[Event "Austrian Championship Girls-U14 2024"]
[Site "Fuerstenfeld"]
[Date "2024.05.31"]
[Round "4.4"]
[White "Lahl, Sophie"]
[Black "Wang, Yihan"]
[Result "1/2-1/2"]
[ECO "D05"]
[WhiteElo "1519"]
[BlackElo "1516"]
[Annotator "NA RC"]
[PlyCount "59"]
[EventDate "2024.05.28"]
[EventType "swiss"]
[EventCountry "AUT"]
[SourceTitle "playchess.com"]
[Source "ChessBase"]
[SourceQuality "1"]
[TimeControl "5400+30"]

1. d4 d5 2. Nf3 Nf6 3. e3 e6 4. b3 Bd6 5. Bb2 Qe7 6. Nbd2 O-O 7. Bd3 b6 8. O-O Ba6 9. Bxa6 Nxa6 10. a3 c5 11. Re1 Qb7 12. Ne5 Nd7 13. f4 Nxe5 14. dxe5 Be7 15. Qg4 Qd7 16. Nf3 f6 17. Rad1 Rad8 18. c4 Qc6 19. cxd5 exd5 20. exf6 Bxf6 21. Bxf6 Qxf6 22. Ne5 Rfe8 23. Rd2 Qe6 24. Qxe6+ Rxe6 25. Red1 Nc7 26. Rc1 Ne8 27. Rcd1 Nf6 28. g4 Red6 29. Nc4 R6d7 30. Ne5 1/2-1/2

[Event "Austrian Championship Girls-U14 2024"]
[Site "Fuerstenfeld"]
[Date "2024.06.01"]
[Round "5.1"]
[White "Knittel-Templ, Paula"]
[Black "Wiessner, Elisabeth"]
[Result "0-1"]
[ECO "D82"]
[WhiteElo "1599"]
[BlackElo "1572"]
[Annotator "NA RC"]
[PlyCount "134"]
[EventDate "2024.05.28"]
[EventType "swiss"]
[EventCountry "AUT"]
[SourceTitle "playchess.com"]
[Source "ChessBase"]
[SourceQuality "1"]
[TimeControl "5400+30"]

1. d4 Nf6 2. c4 g6 3. Nc3 d5 4. Bf4 c6 5. e3 Bg7 6. Bd3 dxc4 7. Bxc4 Nbd7 8. Nf3 Nb6 9. Qb3 O-O 10. h3 Nxc4 11. Qxc4 Qb6 12. Qb3 Qxb3 13. axb3 Be6 14. Nd2 Rfc8 15. b4 b6 16. O-O c5 17. bxc5 bxc5 18. dxc5 Rxc5 19. Rfc1 a5 20. b4 Rxc3 21. Rxc3 Nd5 22. Rca3 Bxa1 23. Rxa1 Nxb4 24. Be5 a4 25. Ne4 a3 26. Nc5 a2 27. Rd1 Nc2 28. Na4 a1=Q 29. Bxa1 Nxa1 30. Rxa1 Bb3 31. Ra3 Bxa4 32. f3 Bc6 33. Rc3 Rc8 34. Kf2 Bd7 35. Rd3 Be6 36. Kg3 Kg7 37. e4 f6 38. Ra3 Bf7 39. Ra7 e5 40. h4 Rc2 41. Rb7 f5 42. exf5 gxf5 43. h5 Rc6 44. Kh4 h6 45. Rd7 Rc4+ 46. Kg3 Kf6 47. Rd6+ Kg5 48. Rd7 Bxh5 49. Rd6 Rc3 50. Rd8 Bg6 51. Rg8 e4 52. Kf2 e3+ 53. Ke2 f4 54. Rb8 Rc2+ 55. Ke1 Rxg2 56. Rb5+ Bf5 57. Kf1 Rf2+ 58. Ke1 Rxf3 59. Re5 h5 60. Ke2 Rf2+ 61. Ke1 h4 62. Re8 h3 63. Rg8+ Bg6 64. Kd1 h2 65. Rh8 Rf1+ 66. Ke2 h1=Q 67. Rh4 Qg2# 0-1

[Event "Austrian Championship Girls-U14 2024"]
[Site "Fuerstenfeld"]
[Date "2024.06.01"]
[Round "5.2"]
[White "Aboulenein-Djamshidian, Kimia"]
[Black "Brunner, Josephina Akiko"]
[Result "1/2-1/2"]
[ECO "A34"]
[WhiteElo "1547"]
[BlackElo "1744"]
[Annotator "NA RC"]
[PlyCount "82"]
[EventDate "2024.05.28"]
[EventType "swiss"]
[EventCountry "AUT"]
[SourceTitle "playchess.com"]
[Source "ChessBase"]
[SourceQuality "1"]
[TimeControl "5400+30"]

1. c4 Nf6 2. Nc3 d5 3. cxd5 Nxd5 4. Nxd5 Qxd5 5. Nf3 g6 6. g3 Bg7 7. Bg2 O-O 8. O-O c5 9. e3 Qd6 10. d4 Rd8 11. Qa4 cxd4 12. exd4 Qa6 13. Qxa6 Nxa6 14. Rd1 Nb4 15. Bd2 Nc6 16. Bc3 Be6 17. h3 Bd5 18. Ne5 Bxg2 19. Kxg2 Rac8 20. Rac1 Rd5 21. Nxc6 Rxc6 22. a3 Kf8 23. f4 Ke8 24. Kf3 a5 25. Ke4 Rcd6 26. b4 axb4 27. axb4 f5+ 28. Ke3 Rc6 29. Bb2 Rb5 30. Rxc6 bxc6 31. Bc3 Kd7 32. Ra1 Rb8 33. Kd3 Kc7 34. Kc4 Kb6 35. Re1 Bf6 36. Re6 Kc7 37. Re1 Kb6 38. Ra1 Rd8 39. Ra5 Rc8 40. Rc5 Rc7 41. Ra5 Rc8 1/2-1/2

[Event "Austrian Championship Girls-U14 2024"]
[Site "Fuerstenfeld"]
[Date "2024.06.01"]
[Round "5.3"]
[White "Lahl, Sophie"]
[Black "Turdiyeva, Maryam"]
[Result "1-0"]
[ECO "A47"]
[WhiteElo "1519"]
[BlackElo "1682"]
[Annotator "NA RC"]
[PlyCount "103"]
[EventDate "2024.05.28"]
[EventType "swiss"]
[EventCountry "AUT"]
[SourceTitle "playchess.com"]
[Source "ChessBase"]
[SourceQuality "1"]
[TimeControl "5400+30"]

1. d4 c5 2. e3 Nf6 3. b3 b6 4. Bb2 e6 5. Nd2 Bb7 6. Ngf3 Be7 7. Bd3 O-O 8. O-O Nc6 9. a3 Rc8 10. Ne5 Qc7 11. Nxc6 Qxc6 12. Qf3 Qxf3 13. Nxf3 Ne4 14. Rfd1 Bf6 15. Nd2 Nxd2 16. Rxd2 d5 17. c4 dxc4 18. Bxc4 Rfd8 19. Rad1 cxd4 20. Bxd4 Bxd4 21. Rxd4 Rxd4 22. Rxd4 b5 23. Bxb5 Rc1+ 24. Bf1 Kf8 25. Ra4 Rb1 26. f3 Rxb3 27. Rxa7 Bc6 28. e4 Rb1 29. Kf2 Ke8 30. Ra5 Kd7 31. Ra7+ Ke8 32. a4 Rb2+ 33. Kg3 g6 34. a5 Rb8 35. Ra6 Bd7 36. Rb6 Rxb6 37. axb6 Kd8 38. Ba6 Bc6 39. Kg4 h6 40. Kf4 f6 41. h4 e5+ 42. Ke3 Kd7 43. Kd3 Kd8 44. Kc4 Kd7 45. Kc5 Ba4 46. Bb5+ Bxb5 47. Kxb5 Kd8 48. Kc6 Kc8 49. b7+ Kb8 50. Kd6 Kxb7 51. Ke6 g5 52. Kxf6 1-0

[Event "Austrian Championship Girls-U14 2024"]
[Site "Fuerstenfeld"]
[Date "2024.06.01"]
[Round "6.1"]
[White "Wiessner, Elisabeth"]
[Black "Aboulenein-Djamshidian, Kimia"]
[Result "1/2-1/2"]
[ECO "C54"]
[WhiteElo "1572"]
[BlackElo "1547"]
[Annotator "NA RC"]
[PlyCount "137"]
[EventDate "2024.05.28"]
[EventType "swiss"]
[EventCountry "AUT"]
[SourceTitle "playchess.com"]
[Source "ChessBase"]
[SourceQuality "1"]
[TimeControl "5400+30"]

1. e4 e5 2. Nf3 Nc6 3. Bc4 Bc5 4. d3 Nf6 5. c3 O-O 6. O-O a6 7. Bb3 Ba7 8. Nbd2 d5 9. exd5 Nxd5 10. Ne4 Kh8 11. Re1 f5 12. Ng3 e4 13. dxe4 fxe4 14. Bxd5 exf3 15. Bxf3 Qxd1 16. Rxd1 Ne5 17. Be3 Nxf3+ 18. gxf3 b6 19. f4 Bg4 20. Rd2 Rfd8 21. Rxd8+ Rxd8 22. Rf1 Bf3 23. f5 Rf8 24. h3 c5 25. Re1 Bb8 26. Bg5 h6 27. Be7 Rc8 28. f6 gxf6 29. Bxf6+ Kh7 30. Re7+ Kg6 31. Be5 Bxe5 32. Rxe5 Rc6 33. h4 Bg4 34. Rd5 Be6 35. h5+ Kf7 36. Rd8 Bxa2 37. Kg2 Be6 38. Kf3 b5 39. Kf4 b4 40. cxb4 cxb4 41. Ke3 Rc2 42. Rd2 Rxd2 43. Kxd2 a5 44. Ne4 Bg4 45. Ng3 a4 46. Kc2 a3 47. bxa3 bxa3 48. Kb3 Kf6 49. Kxa3 Kg5 50. Kb2 Bxh5 51. Kc1 Bg4 52. Kd2 Kf4 53. Ke1 Kf3 54. Kf1 Bh3+ 55. Kg1 Bg2 56. Nh5 Bh3 57. Nf6 Be6 58. Nh5 Kg4 59. Ng3 Bd5 60. Kh2 Bf3 61. Nf1 h5 62. Ne3+ Kg5 63. Kg3 Bc6 64. f4+ Kf6 65. Kh4 Bf3 66. Nf1 Kf5 67. Ng3+ Kxf4 68. Nxh5+ Bxh5 69. Kxh5 1/2-1/2

[Event "Austrian Championship Girls-U14 2024"]
[Site "Fuerstenfeld"]
[Date "2024.06.01"]
[Round "6.2"]
[White "Huber, Elisa"]
[Black "Lahl, Sophie"]
[Result "1/2-1/2"]
[ECO "D00"]
[WhiteElo "1633"]
[BlackElo "1519"]
[Annotator "NA RC"]
[PlyCount "49"]
[EventDate "2024.05.28"]
[EventType "swiss"]
[EventCountry "AUT"]
[SourceTitle "playchess.com"]
[Source "ChessBase"]
[SourceQuality "1"]
[TimeControl "5400+30"]

1. d4 d5 2. Bf4 e6 3. e3 c5 4. c3 Nf6 5. Nd2 Bd6 6. Bg3 Qc7 7. Ngf3 Nbd7 8. Bd3 b6 9. Qe2 Bb7 10. Bxd6 Qxd6 11. O-O O-O 12. e4 dxe4 13. Nxe4 Nxe4 14. Bxe4 Bxe4 15. Qxe4 Nf6 16. Qe5 Qxe5 17. dxe5 Nd5 18. c4 Nb4 19. Rfd1 Rfd8 20. a3 Nc6 21. h3 h6 22. Kf1 Kf8 23. Ke1 Ke7 24. Rxd8 Rxd8 25. Rd1 1/2-1/2

[Event "Austrian Championship Girls-U14 2024"]
[Site "Fuerstenfeld"]
[Date "2024.06.01"]
[Round "6.3"]
[White "Brunner, Josephina Akiko"]
[Black "Spangl, Marilena"]
[Result "1-0"]
[ECO "B11"]
[WhiteElo "1744"]
[BlackElo "1595"]
[Annotator "NA RC"]
[PlyCount "45"]
[EventDate "2024.05.28"]
[EventType "swiss"]
[EventCountry "AUT"]
[SourceTitle "playchess.com"]
[Source "ChessBase"]
[SourceQuality "1"]
[TimeControl "5400+30"]

1. e4 c6 2. Nc3 d5 3. Nf3 Bg4 4. h3 Bxf3 5. Qxf3 dxe4 6. Nxe4 e6 7. Be2 Nd7 8. d4 Ngf6 9. O-O Nxe4 10. Qxe4 Nf6 11. Qd3 Bd6 12. c3 O-O 13. Bf3 Qc7 14. Re1 Rfd8 15. Be3 c5 16. Qb5 cxd4 17. Bxd4 Rd7 18. g3 Nd5 19. Bxd5 exd5 20. Qe2 a6 21. Qg4 f6 22. Bxf6 Qb6 23. Qxd7 1-0